 Dungeon Crawl Stone Soup version 0.30-a0-748-ge6a52f7cba (webtiles) character file.

Game seed: 668064001388649238

12 Dittersdorf the Covered (level 2, -3/19 HPs)
             Began as a Gargoyle Fighter on Feb 8, 2023.
             Engulfed by a cloud of flame (22 damage)
             ... on level 1 of the Dungeon.
             The game lasted 00:00:35 (969 turns).

Dittersdorf the Covered (Gargoyle Fighter)           Turns: 969, Time: 00:00:35

Health: -3/19      AC:  9    Str: 19    XL:     2   Next: 33%
Magic:  2/2        EV:  9    Int:  8    God:
Gold:   49         SH:  4    Dex:  9    Spells: 1/1 levels left

rFire   . . .      SeeInvis .    a - +0 flail
rCold   . . .      Faith    .    c - +0 buckler
rNeg    + . .      Spirit   .    b - +0 scale mail
rPois   ∞          Reflect  .    (no helmet)
rElec   +          Harm     .    (no cloak)
rCorr   .          Rampage  .    (no gloves)
Will    .....                    (no boots) Stlth
                                 (no amulet)
HPRegen 0.23/turn                (no ring)
MPRegen 0.08/turn                (no ring)

@: no status effects
A: sickness immunity, AC +2, negative energy resistance 1, electricity
resistance, torment resistance 1, petrification resistance
a: no special abilities


You were on level 1 of the Dungeon.
You visited 1 branch of the dungeon, and saw 1 of its levels.

You collected 49 gold pieces.

Inventory:

Hand Weapons
 a - a +0 flail (weapon)
Armour
 b - a +0 scale mail (worn)
 c - a +0 buckler (worn)
Scrolls
 e - a scroll of torment {unknown}
 f - a scroll of magic mapping {unknown}
 g - a scroll of enchant armour {unknown}
Potions
 d - a potion of might
 h - a potion of curing {unknown}
 i - 2 potions of heal wounds {unknown}


   Skills:
 + Level 3.5 Fighting
 + Level 2.2 Maces & Flails
 + Level 3.5 Armour
 + Level 3.5 Shields


You had one spell level left.
You didn't know any spells.
Your spell library contained the following spells:

 Spells                   Type           Power      Damage    Failure   Level
 Ignite Poison            Fire/Tmut/Pois 0%         N/A       99%         3
 Sticky Flame             Conj/Fire      0%         2d3       100%        4
 Ignition                 Fire           0%         3d3       100%        8


Dungeon Overview and Level Annotations

Branches:
Dungeon (1/15)

Altars:


Innate Abilities, Weirdness & Mutations

You are immune to sickness and miasma.
Your stone body is resilient. (AC +2)
You are immune to poison.
You resist negative energy. (rN+)
You are resistant to electric shocks. (rElec)
You are resistant to unholy torment.
You are immune to petrification.


Message History

Found 16 gold pieces.
The frilled lizard hisses angrily.
A frilled lizard is nearby!
You miss the frilled lizard.
The frilled lizard bites you but does no damage.
You miss the frilled lizard. The frilled lizard barely misses you.
The frilled lizard completely misses you.
You closely miss the frilled lizard. The frilled lizard closely misses you.
You hit the frilled lizard.
You kill the frilled lizard!
No target in view!
No target in view!
No target in view!
No target in view!
No target in view!
No target in view!
No target in view!
No target in view!
No target in view!
No target in view!
No target in view!
You now have 49 gold pieces (gained 16).
Found a stone staircase leading down.
A goblin comes into view. It is wielding a +0 club.
Found a ring mail.
No reachable target in view!
A goblin is nearby!
A goblin is nearby!
No reachable target in view!
The goblin is engulfed in blazing flames.
The goblin dies!
Found a scroll labelled VOOGOI BABE and 9 stones.
You see here a +0 dagger.
Found 3 poisoned darts.
Partly explored, can't reach some items and places.
Really walk into a travel-excluded area?
Okay, then.
You are engulfed in blazing flames.
Ouch! That really hurt!
You die...

############
#§☼§#
...........#
#..§#
############
##...#####
....#
§.[...§§§.
###.#
§.(?..§§ #.#
.(.... #.#
#...#
###.########
#§§§#
...........#
#@§☼#
##########.#
#.§☼#
#.#####...#
#........##
##########


There were no monsters in sight!

Vanquished Creatures
  4 ball pythons (D:1)
  An endoplasm (D:1)
  2 goblins (D:1)
  2 hobgoblins (D:1)
  A frilled lizard (D:1)
10 creatures vanquished.

Vanquished Creatures (others)
  A goblin (D:1)
1 creature vanquished.

Grand Total: 11 creatures vanquished

Notes
Turn   | Place    | Note
-------+----------+-------------------------------------------
     0 | D:1      | Dittersdorf the Gargoyle Fighter began the quest for the
                  | Orb.
     0 | D:1      | Reached XP level 1. HP: 14/14 MP: 1/1
    81 | D:1      | Reached XP level 2. HP: 10/19 MP: 2/2
   969 | D:1      | Engulfed by a cloud of flame

Illustrated notes

Levels and vault maps discovered:
D:1:      zaba_arrival_water, layout_basic, lemuel_flame_loot_1

Action                     || total
---------------------------++-------
  Melee: Flail             ||    44
 Armour: Scale mail        ||    29
  Dodge: Dodged            ||    17
  Block: Buckler           ||     7

Table legend: (Time is in decaauts)
 A = Elapsed time spent in this place.
 B = Non-inter-level travel time spent in this place.
 C = Inter-level travel time spent in this place.
 D = Time resting spent in this place.
 E = Time spent auto-exploring this place.
 F = Levels seen in this place.
 G = Mean time per level.
                   A        B        C        D        E       F      G
               +--------+--------+--------+--------+--------+-----+--------+
         Total |    990 |    990 |      0 |      0 |    884 |   1 |  990.0 |
       Dungeon |    990 |    990 |      0 |      0 |    884 |   1 |  990.0 |
               +--------+--------+--------+--------+--------+-----+--------+

Top non-repeatable levels by time:
     D:1: 990 daAuts
